 Dungeon Crawl Stone Soup version 0.22-b1-21-g5cfc1688f2 (webtiles) character file.

122071 IceCat the Peltast (level 17, -3/139 HPs)
             Began as a Formicid Fighter on Aug 6, 2018.
             Was the Champion of Okawaru.
             Slain by an earth elemental (9 damage)
             ... summoned by a deep elf elementalist
             ... on level 3 of the Elven Halls on Aug 7, 2018.
             The game lasted 02:41:39 (29091 turns).

IceCat the Peltast (Formicid Fighter)              Turns: 29091, Time: 02:41:40

Health: -3/139     AC: 30    Str: 27      XL:     17   Next: 41%
Magic:  20/21      EV: 10    Int:  8 (9)  God:    Okawaru [******]
Gold:   1930       SH: 30    Dex:  9 (10) Spells: 16/16 levels left

rFire    + + +     SeeInvis +   v - +11 scimitar of the Hells {venom, rF+}
rCold    + + .     Gourm    .   g - +4 large shield
rNeg     . . .     Faith    +   O - +4 plate armour {rC+}
rPois    +         Spirit   .   (helmet unavailable)
rElec    +         Reflect  .   V - +0 cloak {+Inv}
rCorr    +         Harm     .   X - +2 pair of gloves
MR       +....                  T - +2 pair of boots {run}
Stlth    ..........             I - amulet of faith
HPRegen  0.33/turn              H - ring of resist corrosion
MPRegen  0.17/turn              Y - ring of protection from fire

@: resistant, heroism, quick
A: permanent stasis, dig shafts and tunnels, four strong arms, antennae 3,
talons 1, deterioration 1, poison resistance, robust 1
a: Dig, Shaft Self, Heroism, Finesse, Renounce Religion, Evoke Invisibility


You were on level 3 of the Elven Halls.
You worshipped Okawaru.
Okawaru was exalted by your worship.
You were hungry.

You visited 5 branches of the dungeon, and saw 24 of its levels.
You also visited: Sewer.

You collected 2571 gold pieces.
You spent 641 gold pieces at shops.

Inventory:

Hand Weapons
 b - a +7 vampiric triple sword
 r - the +1 double sword "Offugg" {slice, *Contam rPois Str+2}
   (Okawaru gifted it to you on level 1 of the Elven Halls)

   It inflicts extra damage upon your enemies.
   It affects your strength (+2).
   It protects you from poison.
   It causes magical contamination when unequipped.
 v - the +11 scimitar of the Hells (weapon) {venom, rF+}
   (You found it on level 5 of the Lair of Beasts)

   It poisons the flesh of those it strikes.
   It protects you from fire.
 A - a +4 triple sword of holy wrath
 K - the +11 quarterstaff of Fortitude {venom, MR++}
   (You found it on level 7 of the Dungeon)

   It poisons the flesh of those it strikes.
   It affects your resistance to hostile enchantments.
Armour
 g - a +4 large shield (worn)
 t - a scarf of spirit shield
 y - a +1 cloak of magic resistance
 O - a +4 plate armour of cold resistance (worn)
 T - a +2 pair of boots of running (worn)
 V - a +0 cloak of invisibility (worn)
 X - a +2 pair of gloves (worn)
Jewellery
 s - an uncursed ring of wizardry
 H - a ring of resist corrosion (left hand)
 I - an amulet of faith (around neck)
 L - an uncursed ring of wizardry
 Q - an uncursed ring of ice
 Y - a ring of protection from fire (right hand)
Wands
 c - a wand of flame (35)
 l - a wand of acid (8)
 q - a wand of enslavement (10)
 G - a wand of paralysis (31)
 N - a wand of scattershot (6)
 S - a wand of iceblast (35)
 Z - a wand of clouds (4)
Scrolls
 a - 4 scrolls of magic mapping
 d - a scroll of summoning
 h - 8 scrolls of immolation
 k - 5 scrolls of remove curse
 n - a scroll of silence {unknown}
 o - 4 scrolls of identify
 w - 2 scrolls of fog
 x - 2 scrolls of fear
 B - a scroll of enchant weapon
 P - 2 scrolls of enchant armour
 U - a scroll of holy word {unknown}
Potions
 e - 6 potions of curing
 j - 4 potions of brilliance
 m - 5 potions of flight
 p - a potion of ambrosia
 z - a potion of invisibility
 C - 2 potions of heal wounds
 E - 2 potions of cancellation
 F - 2 potions of magic
 M - a potion of resistance
 R - a potion of might
Miscellaneous
 D - a phantom mirror
 J - a lightning rod (3/4)
Comestibles
 f - 30 rations
 i - 11 chunks of flesh


   Skills:
 + Level 9.7(14.7) Fighting
 + Level 15.1(20.1) Long Blades
 - Level 11.9(16.9) Staves
 * Level 10.5(15.5) Armour
 - Level 0.8(5.8) Dodging
 - Level 1.2(6.2) Stealth
 - Level 20.0(25.0) Shields
 - Level 6.0 Invocations
 - Level 5.0 Evocations


You had 16 spell levels left.
You didn't know any spells.
Your spell library contained the following spells:

 Spells                   Type           Power        Failure   Level  Hunger
 Cause Fear               Hex            #.........   100%        4    #####..
 Deflect Missiles         Chrm/Air       #.........   100%        6    #######
 Silence                  Hex/Air        #.........   100%        5    ######.
 Discord                  Hex            #.........   100%        8    #######
 Yara's Violent Unravell  Hex/Tmut       #.........   100%        5    ######.


Dungeon Overview and Level Annotations

Branches:
Dungeon (12/15)            Temple (1/1) D:7            Lair (6/6) D:8
  Swamp (0/4) Lair:3        Snake (0/4) Lair:2        Slime (0/5) Lair:5
    Orc (2/2) D:12            Elf (3/3) Orc:2

Altars:
Ashenzari
Cheibriados
Dithmenos
Elyvilon
Fedhas
Gozag
Hepliaklqana
Kikubaaqudgha
Makhleb
Nemelex Xobeh
Okawaru
Qazlal
Ru
Sif Muna
Trog
Uskayaw
Vehumet
Wu Jian
Xom
Yredelemnul
Zin
The Shining One
Beogh
Jiyva

Shops:
D:5 }}(   D:7 (   D:8 %   D:12 [   Orc:2 ?((}(   Elf:2 (   Elf:3 }[

Portals:
Hell: Lair:6
Trove: Elf:1 (lose all piety)

Annotations:
D:12 3 runed doors, Vereluan's ghost, journeyman GrFi


Innate Abilities, Weirdness & Mutations

You cannot be hasted, slowed, berserked, paralysed or teleported.
You can dig through walls and to a lower floor.
Your four strong arms can wield two-handed weapons with a shield.
You have a pair of large antennae on your head. (SInv)
You have sharp toenails.
Your body sometimes deteriorates upon taking damage.
Your system is resistant to poisons. (rPois)
You are robust. (+10% HP)


Message History

The earth elemental hits you.
* * * LOW HITPOINT WARNING * * *
You block the earth elemental's attack.
The earth elemental hits you but does no damage.
Okay, then.
Evoke which item? (* to show all) (? for menu, Esc to quit)
Okay, then.
As you read the scroll of fear, it crumbles to dust.
You assume a fearsome visage.
The earth elemental is unaffected. x4
The deep elf elementalist looks frightened!
The earth elemental is unaffected.
The deep elf elementalist resists with almost no effort.
The earth elemental is unaffected. x3; The deep elf mage looks frightened!
The earth elemental is unaffected. x4; The deep elf archer easily resists.
The deep elf elementalist is no longer moving quickly.
You block the deep elf elementalist's attack.
The deep elf mage casts a spell.
The deep elf mage blinks!
You block the earth elemental's attack. The earth elemental hits you!
You die...

.........#.............#(E.Ee.'..
.............∩..#..∩.....#.####..
.........#............e###.# #..
.........##.....e.....## #.# #..
.........###........§#{ #.. '..
..........###.....E.## ... '..
###+####'#####...Ee## ..# .. #.#
#.##.###EEE## #.# #.##.##EE@eE#
###.####.....##EEE.#
................E..#
###..######..####### # #..# #..#
###..# #)(# ### .##..#
#.[########...#
..'..######)........'....
..'.......)()####..##...


You could see 2 deep elf elementalists, a deep elf archer, 12 earth elementals
and a deep elf mage (fleeing).

Vanquished Creatures
  A deep elf blademaster (Elf:2)
  Gastronok (Lair:1)
  2 deep elf sorcerers (Elf:3)
  4 deep elf demonologists
  A deep elf annihilator (Elf:3)
  Snorg (Lair:5)
  2 deep elf death magi (Elf:1)
  2 deep elf high priests (Elf:3)
  Erolcha (Orc:2)
  3 hydras (Lair:6)
  2 centaur warriors (D:12)
  4 two-headed ogres
  23 dancing weapons
  3 ogre magi (Orc:2)
  11 deep elf knights
  3 skeletal warriors (D:12)
  An unseen horror (D:11)
  A sixfirhy (Lair:6)
  An unseen horror (shapeshifter) (Elf:3)
  A wizard (Lair:6)
  17 deep elf archers
  An orc knight (D:12)
  Pikel (D:7)
  An oklob plant (Lair:3)
  50 deep elf magi
  An ugly thing (D:10)
  8 orc sorcerers
  A cyclops (Orc:2)
  2 manticores (D:12)
  20 elephants
  3 black mambas
  A centaur zombie (D:11)
  3 orange demons (Lair:6)
  A smoke demon (Lair:6)
  5 spiny frogs
  2 gargoyles
  6 rime drakes
  9 komodo dragons
  2 ice devils (Lair:6)
  A small abomination (Elf:1)
  A meliai (shapeshifter) (Elf:1)
  7 trolls
  Grinder (D:3)
  2 bog bodies (Lair:3)
  4 dream sheep (Lair:5)
  3 blink frogs (Lair:4)
  7 hippogriffs
  A vampire (D:12)
  9 air elementals
  3 water elementals
  20 yaks
  A wraith (D:10)
  A fire elemental (Elf:2)
  3 hungry ghosts
  4 vampire mosquitoes (D:9)
  A wyvern (D:6)
  A basilisk (Lair:1)
  3 swamp worms (Lair:3)
  A naga (Lair:2)
  A warg (Orc:2)
  20 water moccasins
  3 acid dragons
  5 hell hounds (Lair:6)
  7 porcupines
  5 phantoms
  Purgy (Sewer)
  20 orc warriors
  8 sky beasts
  A slave (D:7)
  6 ice beasts
  2 black bears (D:8)
  5 wolves
  13 centaurs
  9 ogres
  17 crocodiles
  14 bullfrogs
  2 big kobolds
  4 earth elementals
  4 scorpions
  4 wights (D:11)
  6 killer bees (D:8)
  6 howler monkeys
  An electric eel (Lair:3)
  6 crimson imps
  A quasit (D:11)
  A bullfrog zombie (D:7)
  6 hounds
  A bullfrog skeleton (D:10)
  A gnoll shaman (D:6)
  3 jellies
  4 centaur skeletons
  6 orc priests
  35 orc wizards
  6 iguanas
  4 worker ants
  A killer bee zombie (D:9)
  2 hound zombies
  2 howler monkey skeletons (D:5)
  A worker ant zombie (D:11)
  9 adders
  10 gnolls
  2 river rats (D:5)
  An ooze (D:2)
  10 worms
  2 dart slugs (D:1)
  5 leopard geckos
  70 orcs
  3 ball pythons
  7 giant cockroaches
  4 goblins
  6 hobgoblins
  16 jackals
  8 quokkas
  6 bats
  7 frilled lizards
  10 kobolds
  A quokka skeleton (D:6)
  8 rats
  2 plants
707 creatures vanquished.

Vanquished Creatures (others)
  A dancing weapon (Elf:2)
  A slave (D:7)
  9 fungi
  2 plants
13 creatures vanquished.

Grand Total: 720 creatures vanquished

Notes
Turn   | Place    | Note
-------+----------+-------------------------------------------
     0 | D:1      | IceCat the Formicid Fighter began the quest for the Orb.
     0 | D:1      | Reached XP level 1. HP: 18/18 MP: 1/1
    81 | D:1      | Reached XP level 2. HP: 19/24 MP: 2/2
   101 | D:1      | Reached skill level 4 in Shields
   752 | D:2      | Reached XP level 3. HP: 29/29 MP: 3/3
   804 | D:2      | Found a shimmering altar of Xom.
   806 | D:2      | Found a bloodstained altar of Trog.
   946 | D:2      | Reached XP level 4. HP: 24/35 MP: 4/4
  1457 | D:2      | Found a faded altar of an unknown god.
  1590 | D:3      | Noticed Grinder
  1629 | D:3      | Reached XP level 5. HP: 10/41 MP: 5/5
  1633 | D:3      | HP: 1/41 [Grinder (4)]
  1634 | D:3      | Killed Grinder
  1634 | D:3      | Reached skill level 5 in Shields
  1634 | D:3      | Reached XP level 6. HP: 1/48 MP: 6/6
  2617 | D:3      | Reached XP level 7. HP: 30/53 MP: 7/7
  2983 | D:3      | Reached skill level 5 in Long Blades
  3296 | D:4      | Got a spiked scale mail
  3307 | D:4      | Identified the +5 scale mail of the Earth {rC+ Int+2 Stlth+} (You found it on level 4 of the Dungeon)
  3331 | D:4      | Reached skill level 6 in Shields
  4063 | D:5      | Entered Level 5 of the Dungeon
  4068 | D:5      | Reached XP level 8. HP: 60/60 MP: 8/8
  4102 | D:5      | Reached skill level 7 in Shields
  4117 | D:5      | Found Zuesuesoy's Antique Weapon Boutique.
  4142 | D:5      | Found a glowing drain.
  4202 | Sewer    | Entered a sewer
  4270 | Sewer    | Noticed Purgy
  4281 | Sewer    | Killed Purgy
  4296 | Sewer    | Got an encrusted flail
  4297 | Sewer    | Identified the cursed +3 flail of Woxuaq {speed, rN+} (You found it in a sewer)
  4697 | D:5      | Reached skill level 8 in Shields
  4998 | D:5      | Found Diule's Gadget Shoppe.
  5078 | D:5      | Found Saziyd's Gadget Boutique.
  5292 | D:6      | Reached XP level 9. HP: 49/65 MP: 9/9
  5318 | D:6      | Reached skill level 5 in Armour
  5318 | D:6      | Reached skill level 9 in Shields
  5693 | D:6      | Reached skill level 1 in Stealth
  5726 | D:6      | Reached skill level 10 in Shields
  6792 | D:7      | Reached skill level 11 in Shields
  6792 | D:7      | Reached XP level 10. HP: 15/73 MP: 10/10
  7253 | D:7      | Found a staircase to the Ecumenical Temple.
  7354 | D:6      | Reached skill level 5 in Fighting
  7580 | D:6      | Reached skill level 12 in Shields
  7657 | Temple   | Entered the Ecumenical Temple
  7661 | Temple   | Became a worshipper of Warmaster Okawaru
  7706 | D:7      | Noticed Pikel
  7742 | D:7      | Killed Pikel
  7742 | D:7      | Reached * piety under Okawaru
  7768 | D:7      | Noticed a two-headed ogre
  7782 | D:7      | Killed a two-headed ogre
  8085 | D:7      | Got a smoking quarterstaff
  8086 | D:7      | Identified the +11 quarterstaff of Fortitude {venom, MR++} (You found it on level 7 of the Dungeon)
  8226 | D:7      | Found a sparkling altar of Nemelex Xobeh.
  8233 | D:7      | Found a basalt altar of Yredelemnul.
  8240 | D:7      | Found a shadowy altar of Dithmenos.
  8245 | D:7      | Found an opulent altar of Gozag.
  8252 | D:7      | Found a sacrificial altar of Ru.
  8257 | D:7      | Found a glowing golden altar of the Shining One.
  8268 | D:7      | Found a glowing silver altar of Zin.
  8333 | D:7      | Found a snail-covered altar of Cheibriados.
  8372 | D:7      | Found a hazy altar of Hepliaklqana.
  8430 | D:7      | Found Muoll's Weapon Shop.
  8444 | D:8      | Found Gokyriy Ynwe's Food Boutique.
  8480 | D:8      | Found a deep blue altar of Sif Muna.
  8485 | D:8      | Reached ** piety under Okawaru
  8491 | D:8      | Reached XP level 11. HP: 50/80 MP: 11/11
  8555 | D:8      | Reached skill level 1 in Staves
  8605 | D:8      | Reached skill level 1 in Evocations
  8926 | D:8      | Reached *** piety under Okawaru
  8946 | D:8      | Found a staircase to the Lair.
  8951 | D:8      | Reached skill level 5 in Staves
  9592 | Lair:1   | Entered Level 1 of the Lair of Beasts
  9762 | Lair:1   | Noticed Gastronok
  9783 | Lair:1   | Killed Gastronok
  9783 | Lair:1   | Reached **** piety under Okawaru
 10144 | Lair:1   | Reached ***** piety under Okawaru
 10759 | Lair:2   | Found a staircase to the Snake Pit.
 10938 | Lair:2   | Received a gift from Okawaru
 11120 | Lair:2   | Reached XP level 12. HP: 86/86 MP: 12/12
 11612 | Lair:3   | Reached skill level 10 in Staves
 11845 | Lair:3   | Found a shadowy altar of Dithmenos.
 11853 | Lair:3   | Reached skill level 1 in Invocations
 12257 | Lair:3   | Found a staircase to the Swamp.
 12533 | Lair:3   | Reached skill level 13 in Shields
 13344 | Lair:4   | Reached ****** piety under Okawaru
 13441 | Lair:4   | Received a gift from Okawaru
 13875 | Lair:4   | Found a shattered altar of Ashenzari.
 13927 | Lair:4   | Received a gift from Okawaru
 14274 | Lair:5   | Reached XP level 13. HP: 45/91 MP: 16/16
 14466 | Lair:5   | Got a pitted scimitar
 14467 | Lair:5   | Identified the +11 scimitar of the Hells {venom, rF+} (You found it on level 5 of the Lair of Beasts)
 14552 | Lair:5   | Reached skill level 10 in Long Blades
 14568 | Lair:5   | Reached skill level 5 in Invocations
 14939 | Lair:5   | Reached skill level 14 in Shields
 15022 | Lair:5   | Found a staircase to the Slime Pits.
 15065 | Lair:5   | Found a viscous altar of Jiyva.
 15550 | Lair:6   | Entered Level 6 of the Lair of Beasts
 15550 | Lair:6   | Noticed Snorg
 15568 | Lair:5   | Killed Snorg
 15945 | Lair:6   | Received a gift from Okawaru
 15964 | Lair:6   | Identified a +2 pair of boots of running (Okawaru gifted it to you on level 6 of the Lair of Beasts)
 16137 | Lair:6   | Noticed an eight-headed hydra
 16146 | Lair:6   | Noticed a seven-headed hydra
 16151 | Lair:6   | Killed an eight-headed hydra
 16161 | Lair:6   | Killed a seven-headed hydra
 16471 | Lair:6   | Noticed a seven-headed hydra
 16541 | Lair:6   | Killed a seven-headed hydra
 17037 | Lair:6   | Reached XP level 14. HP: 98/98 MP: 18/18
 17270 | Lair:6   | Found a burning altar of Makhleb.
 17360 | Lair:6   | Found a gateway to Hell.
 18001 | D:9      | Reached skill level 15 in Shields
 18100 | D:9      | Received a gift from Okawaru
 18103 | D:9      | Got a pair of ichor-stained boots {god gift}
 18114 | D:9      | Identified the +2 pair of boots of Disguise {rPois} (Okawaru gifted it to you on level 9 of the Dungeon)
 18501 | D:10     | Entered Level 10 of the Dungeon
 18874 | D:10     | Gained mutation: Your system is resistant to poisons. (rPois) [potion of mutation]
 18874 | D:10     | Gained mutation: You have sharp toenails. [potion of mutation]
 18874 | D:10     | Gained mutation: You are robust. (+10% HP) [potion of mutation]
 20472 | D:12     | Found a staircase to the Orcish Mines.
 20501 | D:12     | Found a runed gate.
 20517 | D:12     | Found a runed gate.
 20518 | D:12     | Found a runed gate.
 20531 | D:12     | Noticed Vereluan's ghost (journeyman GrFi)
 20582 | D:12     | Reached skill level 16 in Shields
 20652 | D:12     | Found an iron altar of Okawaru.
 20970 | D:12     | Got a brightly glowing dagger {flame}
 20970 | D:12     | Got a faintly humming scale mail
 21011 | D:12     | Received a gift from Okawaru
 21062 | D:12     | Identified the +7 dagger of the Bear {flame, +Inv rN+ Dex+4 SInv} (You took it off an orc warrior on level 12 of the Dungeon)
 21073 | D:12     | Identified the +1 scale mail of Music {*Slow rPois rC+ Int+2} (You took it off an orc warrior on level 12 of the Dungeon)
 21239 | D:12     | Reached XP level 15. HP: 115/115 MP: 19/19
 21292 | D:12     | Found Fiyruck's Antique Armour Boutique.
 21300 | D:12     | Bought a pair of runed gloves for 240 gold pieces
 21321 | D:12     | Bought a glowing cloak for 240 gold pieces
 21419 | Orc:1    | Entered Level 1 of the Orcish Mines
 21693 | Orc:2    | Entered Level 2 of the Orcish Mines
 22063 | Orc:2    | Found a staircase to the Elven Halls.
 22071 | Orc:2    | Found Piuddan's Weapon Boutique.
 22331 | Orc:2    | Found Ilemmuk's Antique Weapon Shop.
 22364 | Orc:2    | Found a radiant altar of Vehumet.
 22364 | Orc:2    | Noticed Erolcha
 22369 | Orc:2    | Killed Erolcha
 22369 | Orc:2    | Received a gift from Okawaru
 22371 | Orc:2    | Reached skill level 17 in Shields
 22406 | Orc:2    | Found Kiusem's Antique Weapon Shop.
 22519 | Orc:2    | Found an ancient bone altar of Kikubaaqudgha.
 22543 | Orc:2    | Found Wileus's Gadget Shop.
 22543 | Orc:2    | Found Cial's Magic Scroll Boutique.
 22543 | Orc:2    | Found a roughly hewn altar of Beogh.
 22600 | Orc:2    | Bought a scroll of enchant armour for 105 gold pieces
 22600 | Orc:2    | Bought a scroll of identify for 28 gold pieces
 22605 | Orc:2    | Bought a scroll of identify for 28 gold pieces
 23060 | Elf:1    | Entered Level 1 of the Elven Halls
 23115 | Elf:1    | HP: 3/117 [ghostly deep elf death mage/vampiric draining (15)]
 24327 | Elf:1    | Received a gift from Okawaru
 24344 | Elf:1    | Got a faintly glowing double sword {god gift}
 24345 | Elf:1    | Identified the +1 double sword "Offugg" {slice, *Contam rPois Str+2} (Okawaru gifted it to you on level 1 of the Elven Halls)
 24397 | Elf:1    | Gained mutation: Your body sometimes deteriorates upon taking damage. [mutagenic glow]
 24411 | Elf:1    | Found a portal to a secret trove of treasure.
 25324 | Elf:2    | Received a gift from Okawaru
 25329 | Elf:1    | Reached XP level 16. HP: 92/127 MP: 18/20
 25339 | Elf:1    | Reached skill level 18 in Shields
 26661 | Elf:2    | Got a fine robe
 26675 | Elf:1    | Identified the cursed +0 robe of Intuition {+Inv rPois} (You took it off a deep elf mage on level 2 of the Elven Halls)
 26748 | Elf:2    | Received a gift from Okawaru
 27118 | Elf:2    | Found a runed gate.
 27118 | Elf:2    | Found a runed gate.
 27120 | Elf:2    | Found a runed gate.
 27181 | Elf:2    | Found an ancient bone altar of Kikubaaqudgha.
 27228 | Elf:2    | Found Qumenoj's Antique Weapon Boutique.
 27467 | Elf:2    | Received a gift from Okawaru
 27538 | Elf:2    | Noticed a deep elf blademaster
 27580 | Elf:2    | Reached skill level 5 in Evocations
 27712 | Elf:2    | Reached skill level 19 in Shields
 27727 | Elf:2    | Killed a deep elf blademaster
 27734 | Elf:2    | Received a gift from Okawaru
 28028 | Elf:2    | Reached XP level 17. HP: 138/138 MP: 21/21
 28142 | Elf:3    | Entered Level 3 of the Elven Halls
 28166 | Elf:3    | Reached skill level 10 in Armour
 28302 | Elf:3    | Found Hoss's Antique Armour Emporium.
 28302 | Elf:3    | Found Vaevuk's Gadget Shoppe.
 28491 | Elf:3    | Reached skill level 15 in Long Blades
 28535 | Elf:3    | Received a gift from Okawaru
 28952 | Elf:3    | Noticed a Hell Sentinel
 29019 | Elf:3    | Noticed a Tzitzimitl
 29025 | Elf:3    | Noticed an Executioner
 29025 | Elf:3    | Reached skill level 20 in Shields
 29084 | Elf:3    | HP: 1/139 [earth elemental[a deep elf elementalist] (14)]
 29090 | Elf:3    | HP: 6/139 [earth elemental[a deep elf elementalist] (4)]
 29091 | Elf:3    | Slain by an earth elemental

Skill      XL: |  1  2  3  4  5  6  7  8  9 10 11 12 13 14 15 16 17 |
---------------+----------------------------------------------------+-----
Shields        | 4 5 6 8 11 12 13 14 16 17 19 20 | 20.0
Armour         | 4 5 6 8 9 10 | 10.5
Long Blades    | 3 4 5 6 8 9 12 14 15 | 15.1
Fighting       | 4 5 6 7 9 |  9.7
Stealth        | 1 |  1.2
Staves         | 9 11 | 11.9
Evocations     | 1 2 5 |  5.0
Invocations    | 4 6 |  6.0
Dodging        | |  0.8

Action                   |  1- 3 |  4- 6 |  7- 9 | 10-12 | 13-15 | 16-18 || total
-------------------------+-------+-------+-------+-------+-------+-------++-------
Melee: Long sword        |    81 |   141 |   801 |   293 |       |       ||  1316
       Quarterstaff      |       |       |       |   373 |    19 |       ||   392
       Triple sword      |       |       |       |    18 |    53 |       ||    71
       Scimitar          |       |       |       |       |  1098 |   572 ||  1670
Invok: Heroism           |       |       |       |       |     5 |     6 ||    11
       Finesse           |       |       |       |       |     2 |     2 ||     4
 Abil: Dig               |       |       |       |    22 |    16 |       ||    38
Evoke: Wand              |       |       |       |       |     1 |       ||     1
       Lightning rod     |       |       |       |       |     2 |     4 ||     6
  Use: Potion            |     2 |     1 |     4 |       |     9 |     4 ||    20
       Scroll            |       |       |     2 |    18 |    15 |     4 ||    39
 Stab: Distracted        |       |       |       |     2 |       |       ||     2
  Eat: Chunk             |       |     6 |    15 |    20 |    34 |    12 ||    87
       Ration            |       |       |       |     2 |     1 |       ||     3
Armor: Scale mail        |    27 |    34 |   212 |   103 |   104 |       ||   480
       Skin              |       |       |    26 |       |    16 |       ||    42
       Plate armour      |       |       |       |       |    87 |   144 ||   231
Dodge: Dodged            |    31 |    24 |   127 |    95 |   146 |    58 ||   481
Block: Shield            |    49 |    20 |       |       |       |       ||    69
       Large shield      |       |    80 |   758 |   580 |   969 |   645 ||  3032
       Rpst.: Long sword |    12 |     5 |    38 |    12 |       |       ||    67
       Scimitar          |       |       |       |       |    20 |    14 ||    34
       Triple sword      |       |       |       |       |     3 |       ||     3
